Map: Catalyst LE

Players

Hurricane - Winner!

  • Race: Protoss Protoss
  • Spawn Location: 5:00

Neeb

  • Race: Protoss Protoss
  • Spawn Location: 11:00

Event: IEM Season 12 - Katowice

VOD

Have the link to the VOD?

Description

Time

  • Played on: Feb. 27, 2018, 10:06 a.m.
  • Length: 9:59

All games in this series

Show
View Real Time Build Order
Export as new Build Order

Hurricane Protoss - Winner!

Build Orders: Oracle Opening, Phoenix Opening 

Get SALT Encoding   

  12  0:00  Probe  
  13  0:12  Probe  
  14  0:17  Pylon  
  14  0:24  Probe (Chrono Boost)  
  15  0:36  Probe (Chrono Boost), Gateway  
  16  0:44  Probe (Chrono Boost)  
  16  0:46  Assimilator  
  17  0:51  Probe  
  17  0:55  Assimilator  
  18  1:03  Probe (Chrono Boost)  
  19  1:08  Gateway  
  19  1:14  Probe (Chrono Boost)  
  20  1:19  Probe (Chrono Boost)  
  20  1:25  Cybernetics Core  
  21  1:29  Probe  
  22  1:35  Pylon  
  22  1:41  Probe  
  23  1:54  Probe  
  24  2:01  Adept x2, Warp Gate  
  28  2:12  Pylon  
  28  2:22  Stargate  
  28  2:30  Stalker  
  28  2:36  Stalker  
  31  3:00  Pylon, Stalker  
  31  3:05  Oracle (Chrono Boost)  
  36  3:13  Stalker  
  36  3:31  Shield Battery  
  36  3:32  Stalker  
  41  3:53  Probe, Phoenix (Chrono Boost)  
  41  4:05  Nexus  
  41  4:10  Probe  
  42  4:17  Phoenix (Chrono Boost)  
  42  4:22  Probe  
  44  4:33  Phoenix  
  44  4:34  Probe  
  47  4:49  Pylon  
  47  5:07  Probe (Chrono Boost)  
  45  5:18  Probe (Chrono Boost)  
  45  5:19  Probe (Chrono Boost)  
  43  5:23  Robotics Facility  
  43  5:28  Probe x2 (Chrono Boost)  
  45  5:33  Probe (Chrono Boost)  
  45  5:34  Sentry  
  45  5:35  Stalker  
  50  5:42  Probe  
  51  5:46  Pylon  
  51  5:47  Probe  
  52  5:50  Twilight Council  
  52  5:54  Probe  
  53  5:59  Probe  
  53  6:02  Stalker  
  54  6:19  Immortal (Chrono Boost)  
  54  6:20  Probe  
  54  6:23  Probe  
  54  6:24  Resonating Glaives (Chrono Boost)  
  60  6:26  Assimilator  
  60  6:30  Gateway  
  60  6:31  Gateway  
  60  6:34  Gateway  
  60  6:36  Probe x2  
  60  6:38  Sentry  
  64  6:46  Gateway  
  64  6:48  Warp Prism (Chrono Boost)  
  64  6:53  Gateway  
  66  6:57  Sentry  
  68  7:02  Pylon  
  68  7:09  Adept  
  68  7:11  Pylon  
  68  7:13  Pylon  
  70  7:17  Observer  
  71  7:29  Adept x3  
  77  7:33  Adept x2  
  76  7:47  Immortal  
  80  7:59  Adept x3  
  80  8:00  Adept x3  
  92  8:12  Adept  
  94  8:15  Pylon  
  94  8:19  Pylon  
  94  8:30  Adept x3  
  94  8:31  Adept  
  102  8:48  Adept x3  
  90  8:55  Adept  
  90  8:56  Adept x2  
  82  9:08  Adept  
  82  9:09  Adept  
  76  9:10  Adept x2  
  70  9:21  Adept x2  
  70  9:22  Adept  
  72  9:29  Adept x2  
  74  9:34  Adept  
  74  9:35  Adept  
  78  9:44  Adept x3  
  78  9:55  Adept x2  
Show
View Real Time Build Order
Export as new Build Order

Neeb Protoss 

Build Orders: Oracle Opening 

Get SALT Encoding   

  12  0:00  Probe  
  13  0:12  Probe  
  14  0:17  Pylon  
  14  0:24  Probe (Chrono Boost)  
  15  0:36  Probe (Chrono Boost)  
  15  0:38  Gateway  
  16  0:44  Probe (Chrono Boost)  
  16  0:46  Assimilator  
  17  0:51  Probe  
  17  0:56  Assimilator  
  18  1:03  Probe (Chrono Boost)  
  19  1:09  Gateway  
  19  1:14  Probe (Chrono Boost)  
  20  1:19  Probe (Chrono Boost)  
  21  1:27  Cybernetics Core  
  21  1:29  Probe  
  22  1:37  Pylon  
  22  1:42  Probe  
  23  1:55  Probe  
  24  2:03  Stalker x2  
  24  2:07  Probe  
  29  2:10  Pylon  
  29  2:15  Warp Gate  
  29  2:25  Shield Battery  
  29  2:33  Stalker x2  
  32  2:44  Stargate  
  32  3:15  Nexus  
  32  3:21  Shield Battery  
  32  3:27  Oracle (Chrono Boost)  
  35  3:44  Shield Battery  
  35  3:45  Stalker  
  37  3:49  Stalker  
  39  3:59  Pylon  
  39  4:02  Shield Battery  
  39  4:11  Probe (Chrono Boost)  
  39  4:23  Probe (Chrono Boost)  
  40  4:28  Probe (Chrono Boost)  
  41  4:33  Probe (Chrono Boost), Twilight Council  
  43  4:42  Probe (Chrono Boost)  
  43  4:43  Probe (Chrono Boost)  
  41  4:47  Probe (Chrono Boost), Sentry x2  
  41  4:50  Probe  
  47  4:59  Probe  
  48  5:02  Probe  
  45  5:10  Stalker  
  45  5:11  Probe, Stalker  
  51  5:14  Probe  
  51  5:19  Blink (Chrono Boost)  
  51  5:23  Forge  
  51  5:28  Probe (Chrono Boost)  
  53  5:35  Stalker x2  
  53  5:37  Probe (Chrono Boost)  
  53  5:40  Probe (Chrono Boost)  
  54  5:47  Probe (Chrono Boost)  
  54  5:48  Probe (Chrono Boost)  
  56  5:52  Probe (Chrono Boost)  
  56  5:54  Probe  
  58  6:03  Probe  
  59  6:06  Probe  
  60  6:13  Protoss Ground Weapons Level 1 (Chrono Boost)  
  60  6:15  Probe, Assimilator  
  60  6:16  Stalker  
  60  6:17  Assimilator  
  59  6:18  Probe  
  59  6:20  Stalker  
  62  6:31  Pylon  
  62  6:32  Pylon  
  62  6:35  Nexus  
  62  6:37  Pylon  
  62  6:49  Probe x2  
  62  6:51  Sentry x2  
  67  6:59  Gateway  
  67  7:01  Probe  
  68  7:02  Gateway  
  68  7:04  Charge (Chrono Boost), Gateway  
  68  7:13  Gateway  
  67  7:18  Gateway  
  67  7:23  Gateway  
  66  7:32  Robotics Facility  
  66  7:33  Pylon  
  66  7:43  Zealot x2  
  70  7:48  Templar Archives  
  70  7:55  Pylon  
  70  8:01  Zealot x3  
  76  8:07  Stalker x2  
  80  8:17  Immortal (Chrono Boost)  
  80  8:20  Nexus  
  84  8:29  High Templar x2  
  84  8:33  Shield Battery  
  88  8:34  Archon  
  88  8:37  Zealot  
  90  8:44  Zealot x2  
  90  8:47  Stalker  
  90  8:52  Stalker  
  82  8:57  Zealot  
  82  8:58  Zealot  
  76  9:07  Zealot x2  
  70  9:15  Zealot  
  65  9:18  Zealot  
  58  9:25  Zealot x2  
  59  9:33  High Templar x4  
  59  9:36  Archon  
  59  9:37  Archon  
  65  9:40  Zealot x2  
  65  9:50  Zealot x2  

Tags
 
Add a new tag
Caveats
  • Supply blocks, unpowered buildings, or Contaminate may cause inaccurate times.
  • Supply counts are checked every 10 seconds.